 Dungeon Crawl Stone Soup version 0.19-a0-1886-gd64a0f0 (webtiles) character file.

443 vev the Skirmisher (level 7, -2/44 HPs)
             Began as a Tengu Abyssal Knight on Oct 16, 2016.
             Was a Believer of Lugonu.
             Killed by a spatial distortion (3 damage)
             ... on level 5 of the Dungeon.
             The game lasted 00:18:13 (4277 turns).

vev the Skirmisher (Tengu Abyssal Knight)           Turns: 4277, Time: 00:18:14

Health: -2/44      AC:  7    Str: 15 (17) XL:     7   Next: 2%
Magic:  7/10       EV: 23    Int: 11 (12) God:    Lugonu [**....]
Gold:   142        SH:  4    Dex: 21      Spells: 0 memorised, 6 levels left

rFire  . . .     SeeInvis .     s - +1 hand axe (elec)
rCold  + . .     Gourm    .     r - +2 robe {rC+}
rNeg   . . .     Faith    .     (no shield)
rPois  .         Spirit   .     (helmet restricted)
rElec  .         Dismiss  .     (no cloak)
rCorr  .         Reflect  .     e - +0 pair of gloves
MR     .....     Harm     .     (boots unavailable)
Stlth  ++++......               (no amulet)
                                (no ring)
                                (no ring)

@: mighty, agile, lethally poisoned (-2 -> -3), flying quickly and evasively,
quick
A: beak, talons 3, iridescent scales 1, large bone plates 1, able to fly 1
a: Depart the Abyss, Bend Space, Renounce Religion


You were on level 5 of the Dungeon.
You worshipped Lugonu.
Lugonu was pleased with you.
You were not hungry.

You visited 1 branch of the dungeon, and saw 5 of its levels.
You visited the Abyss 1 time.

You collected 142 gold pieces.

Inventory:

Hand Weapons
 a - a +1 falchion
 s - a +1 hand axe of electrocution (weapon)
Armour
 b - a +0 leather armour
 e - a +0 pair of gloves (worn)
 r - a +2 robe of cold resistance (worn)
 A - a +0 buckler
Jewellery
 C - a cursed -3 ring of strength {unknown}
Wands
 y - a wand of teleportation (9/9)
 B - a wand of polymorph (7/24)
Scrolls
 d - a scroll of identify
 h - 2 scrolls of noise
 l - 2 scrolls of amnesia
 o - a scroll of teleportation
 x - 2 scrolls of enchant armour
Potions
 g - a potion of brilliance
 t - a potion of invisibility
 v - a potion of agility
Comestibles
 c - 7 bread rations
 i - 2 slices of pizza
 j - 2 chunks of flesh
 w - 2 meat rations


   Skills:
 + Level 4.3 Fighting
 - Level 2.1 Long Blades
 + Level 4.0 Armour
 + Level 3.8 Dodging
 + Level 2.5 Stealth
 + Level 3.2 Invocations


You had 6 spell levels left.
You didn't know any spells.

Dungeon Overview and Level Annotations

Branches:
Dungeon (5/15)
 Temple: D:4-7

Altars:
Ashenzari
Cheibriados
Dithmenos
Okawaru
Ru
The Shining One

Shops:
D:4 =

Annotations:
D:4 Eustachio, Natasha
D:5 Enish's ghost, novice TeAK


Innate Abilities, Weirdness & Mutations

You have a beak for a mouth.
You have claws for feet.
You can fly.
You are partially covered in iridescent scales. (AC +2)
You are partially covered in large bone plates. (SH +4)


Message History

As you read the scroll labeled NAUPLY FUEMN, it crumbles to dust.
The air around you briefly surges with heat, but it dissipates.
It was a scroll of immolation.
As you read the scroll labeled QUBEMUEFAE, it crumbles to dust.
It is a scroll of enchant weapon.
Your +0 hand axe of electrocution glows red for a moment.
* * * LOW HITPOINT WARNING * * *
You feel sick.
Unknown command.
Wield which item (- for none, * to show all)? (? for menu, Esc to quit)
You hear the crackle of electricity.
s - a +1 hand axe of electrocution (weapon)
You swoop lightly up into the air.
You feel very comfortable in the air.
You feel somewhat more hungry.
Okay, then.
Unknown command.
Okay, then.
Unknown command.
Space bends sharply around you!
You blink.
You die...

.# .# .# ######### .# ##(.......
###### .# ##.........
#.....##### .# ##.......... .#
#........####.# #........... ..
#.............# #......<.... #.
##..........@.# #.....†.....
#.###............# #...........
#..###...........####...........
#..# #.....................?....
#.###.........§.§§.............
##....##.......§§§##............
#..#######.....§§§# #...........
#..## #####.§§§# .... ..##
###### ..#


There were no monsters in sight!

Vanquished Creatures
  An ogre (D:2)
  A hound (D:5)
  2 orc wizards (D:3)
  5 worker ants
  5 adders (D:2)
  2 oozes
  A worm (D:2)
  5 dart slugs
  4 leopard geckos
  7 orcs (D:3)
  4 giant cockroaches
  6 goblins
  7 hobgoblins
  8 jackals
  2 quokkas (D:3)
  A ball python (D:4)
  14 bats
  5 frilled lizards
  8 kobolds
  A leopard gecko skeleton (D:4)
  A leopard gecko zombie (D:5)
  7 rats
97 creatures vanquished.

Notes
Turn   | Place    | Note
-------+----------+-------------------------------------------
     0 | Abyss:1  | vev the Tengu Abyssal Knight began the quest for the Orb.
     0 | Abyss:1  | Reached XP level 1. HP: 14/14 MP: 3/3
    69 | Abyss:1  | Found a corrupted altar of Lugonu.
    95 | Abyss:1  | Noticed an apocalypse crab
    96 | D:1      | Escaped the Abyss
   122 | D:1      | Reached * piety under Lugonu
   122 | D:1      | Reached XP level 2. HP: 17/19 MP: 4/4
   125 | D:1      | Reached skill level 2 in Invocations
   230 | D:1      | Reached skill level 2 in Dodging
   329 | D:1      | Reached XP level 3. HP: 20/23 MP: 5/5
   715 | D:2      | Reached XP level 4. HP: 15/28 MP: 6/6
   718 | D:2      | Reached ** piety under Lugonu
  1314 | D:2      | Reached skill level 3 in Armour
  1781 | D:2      | Gained mutation: You can fly. [Tengu growth]
  1781 | D:2      | Reached XP level 5. HP: 28/32 MP: 7/7
  2255 | D:3      | Found a shadowy altar of Dithmenos.
  2255 | D:3      | Found a shattered altar of Ashenzari.
  2338 | D:3      | Found a faded altar of an unknown god.
  2391 | D:3      | Found an iron altar of Okawaru.
  2392 | D:3      | Noticed an ogre
  2393 | D:3      | Found a glowing golden altar of the Shining One.
  2394 | D:3      | Found a snail-covered altar of Cheibriados.
  2394 | D:3      | Found a sacrificial altar of Ru.
  2561 | D:2      | Gained mutation: You are partially covered in large bone plates. (SH +4) [potion of beneficial mutation]
  2658 | D:2      | Killed an ogre
  2658 | D:2      | Reached skill level 3 in Dodging
  2658 | D:2      | Reached skill level 1 in Stealth
  3140 | D:3      | Reached XP level 6. HP: 32/38 MP: 9/9
  3165 | D:3      | Reached skill level 3 in Invocations
  3302 | D:3      | Reached skill level 4 in Fighting
  3302 | D:3      | Reached skill level 2 in Stealth
  3592 | D:4      | Found a shadowy altar of Dithmenos.
  3598 | D:4      | Noticed Eustachio
  3636 | D:4      | Found Affalik's Jewellery Boutique.
  3698 | D:4      | Noticed Natasha
  3698 | D:4      | Noticed a sky beast
  4116 | D:5      | Entered Level 5 of the Dungeon
  4120 | D:5      | Noticed Enish's ghost (novice TeAK)
  4259 | D:5      | Reached skill level 4 in Armour
  4259 | D:5      | Reached XP level 7. HP: 5/44 MP: 10/10
  4260 | D:5      | Gained mutation: You are partially covered in iridescent scales. (AC +2) [potion of beneficial mutation]
  4260 | D:5      | HP: 4/44 [poisoned by a worker ant]
  4267 | D:5      | HP: 2/44 [poisoned by a worker ant]
  4274 | D:5      | HP: 1/44 [poisoned by a worker ant]
  4277 | D:5      | Killed by a spatial distortion

Vault maps used:
D:1:      dpeg_arrival_tiny_g, minmay_split_cup_large
D:2:      first_bread
D:3:      minmay_door_path, grunt_temple_overflow_open,
          gammafunk_temple_overflow_statue, ecumenical_altar_1, hex_tiny,
          kennysheep_nondescript, minmay_cupped
D:4:      serial_shops, shop, grunt_dithmenos_smoke_and_mirrors, uniq_eustachio,
          uniq_natasha

Skill      XL: |  1  2  3  4  5  6 |
---------------+-------------------+-----
Invocations    | 2 3 |  3.2
Dodging        | 2 3 |  3.8
Armour         | 3 4 |  4.0
Stealth        | 1 2 |  2.5
Fighting       | 4 |  4.3
Long Blades    | |  2.1

Action                   |  1- 3 |  4- 6 |  7- 9 || total
-------------------------+-------+-------+-------++-------
Melee: Falchion          |    74 |   134 |       ||   208
       Peck              |    13 |    32 |       ||    45
       Kick              |    12 |    46 |       ||    58
       Hand axe          |       |    65 |       ||    65
Invok: Depart the Abyss  |     1 |       |       ||     1
       Bend Space        |       |     2 |       ||     2
 Abil: Fly               |       |     2 |     1 ||     3
  Use: Potion            |       |     7 |     1 ||     8
       Scroll            |       |     8 |     6 ||    14
 Stab: Sleeping          |       |     4 |       ||     4
       Distracted        |       |     1 |       ||     1
  Eat: Chunk             |       |    10 |     1 ||    11
Armor: Leather armour    |    26 |    48 |       ||    74
       Robe              |       |     8 |       ||     8
Dodge: Dodged            |    54 |   134 |       ||   188
Block: Other             |       |    14 |       ||    14
       Rpst.: Falchion   |    22 |    20 |       ||    42
